Map: Ice and Chrome LE

Players

ToIsengard - Winner!

  • Race: Protoss Protoss
  • League: Master
  • Spawn Location: 1:00

BlyOnFire (Bly)

  • Race: Zerg Zerg
  • League: Grandmaster
  • Spawn Location: 7:00

VOD

Have the link to the VOD?

Description

Time

  • Played on: June 18, 2020, 1:20 p.m.
  • Length: 10:42
Show
View Real Time Build Order
Export as new Build Order

ToIsengard Protoss - Winner!

Build Orders: 1 Gate Expand, Colossus Rush 

Get SALT Encoding   

  12  0:00  Probe  
  13  0:13  Probe  
  14  0:18  Pylon  
  14  0:24  Probe  
  15  0:30  Assimilator  
  15  0:33  Probe  
  15  0:41  Probe  
  16  0:48  Gateway  
  17  0:51  Probe  
  18  1:03  Probe  
  19  1:15  Probe  
  20  1:24  Nexus  
  20  1:35  Cybernetics Core  
  20  1:36  Probe  
  21  1:42  Assimilator  
  21  1:48  Probe  
  21  1:50  Pylon  
  22  2:00  Probe  
  23  2:01  Stalker  
  23  2:12  Warp Gate  
  23  2:13  Probe  
  26  2:17  Robotics Facility  
  26  2:25  Probe  
  27  2:31  Adept  
  27  2:33  Probe  
  27  2:36  Probe  
  31  2:41  Probe  
  31  2:49  Probe  
  33  2:51  Probe  
  34  3:01  Probe  
  34  3:03  Gateway, Probe  
  34  3:04  Warp Prism  
  36  3:07  Robotics Bay  
  36  3:17  Probe  
  36  3:19  Adept  
  41  3:20  Probe  
  41  3:24  Pylon  
  42  3:29  Probe  
  42  3:32  Probe  
  44  3:41  Probe  
  45  3:42  Colossus  
  45  3:44  Probe  
  46  3:53  Probe  
  53  3:56  Probe, Gravitic Drive  
  53  3:59  Pylon  
  53  4:01  Assimilator  
  54  4:03  Assimilator  
  54  4:17  Probe x2  
  54  4:22  Gateway  
  54  4:23  Gateway  
  56  4:27  Disruptor  
  56  4:29  Probe x2  
  60  4:45  Zealot  
  62  4:48  Pylon  
  62  4:49  Sentry  
  62  4:52  Probe  
  61  4:54  Probe  
  61  4:59  Immortal  
  61  5:04  Probe  
  61  5:06  Pylon  
  67  5:08  Gateway  
  67  5:09  Gateway  
  67  5:10  Gateway  
  66  5:16  Sentry x2  
  66  5:18  Pylon  
  70  5:23  Pylon  
  70  5:24  Probe x2  
  72  5:31  Observer  
  72  5:32  Stalker x2  
  72  5:34  Pylon  
  76  5:39  Colossus  
  77  5:45  Zealot x2  
  81  5:56  Pylon  
  87  5:58  Pylon  
  87  6:02  Stalker  
  89  6:09  Extended Thermal Lance  
  89  6:16  Adept  
  89  6:17  Pylon  
  91  6:21  Zealot x3, Colossus  
  97  6:28  Adept  
  97  6:39  Zealot  
  105  6:50  Stalker x3  
  111  7:05  Probe  
  111  7:08  Pylon  
  112  7:09  Stalker x2  
  112  7:10  Stalker x2  
  120  7:17  Stalker x2  
  114  7:42  Stalker x5  
  114  7:43  Stalker  
  124  8:03  Zealot  
  124  8:05  Zealot x4  
  130  8:09  Pylon  
  134  8:25  Pylon  
  134  8:27  Probe  
  135  8:28  Stalker x3  
  139  8:38  Stalker x2  
  127  8:50  Sentry x2  
  97  9:10  Stalker x4  
  97  9:11  Stalker  
  97  9:14  Sentry  
  102  9:41  Colossus  
  102  9:43  Stalker x6  
  104  9:46  Sentry  
  110  10:08  Zealot x4, Sentry  
  120  10:14  Stalker  
  120  10:16  Stalker  
Show
View Real Time Build Order
Export as new Build Order

BlyOnFire Zerg 

Build Orders: Hatch First 

Get SALT Encoding   

  12  0:01  Drone  
  13  0:14  Overlord  
  13  0:17  Drone  
  14  0:33  Drone x2  
  16  0:48  Hatchery  
  15  0:51  Drone  
  15  0:56  Drone  
  17  0:58  Drone  
  18  1:09  Extractor  
  17  1:13  Spawning Pool  
  17  1:16  Drone  
  17  1:20  Drone  
  18  1:30  Drone  
  19  1:42  Drone  
  20  1:50  Hatchery  
  20  1:51  Drone  
  20  2:00  Zergling x2, Queen  
  23  2:10  Queen  
  23  2:15  Drone  
  26  2:16  Drone  
  26  2:22  Overlord  
  27  2:25  Drone  
  28  2:30  Metabolic Boost  
  28  2:42  Drone x3  
  31  2:51  Drone x2  
  31  2:53  Queen  
  31  2:57  Overlord  
  35  3:03  Drone x2  
  37  3:08  Drone x2  
  39  3:13  Overlord  
  39  3:21  Drone x2  
  39  3:23  Drone x3  
  39  3:25  Queen  
  46  3:30  Drone x3  
  49  3:34  Drone  
  49  3:40  Overlord  
  50  3:44  Extractor  
  50  3:45  Queen  
  51  3:48  Zergling x2  
  51  3:49  Zergling x4  
  51  3:52  Overlord, Baneling Nest  
  53  3:57  Zergling x8  
  53  3:59  Lair  
  53  4:01  Drone  
  59  4:07  Overlord  
  59  4:15  Drone, Overlord  
  59  4:16  Drone x3  
  63  4:17  Drone x2  
  63  4:21  Roach Warren  
  64  4:30  Overlord  
  63  4:35  Zergling x10  
  63  4:36  Overlord  
  67  4:43  Drone x6  
  71  4:47  Extractor  
  71  4:48  Extractor  
  68  4:55  Drone x6  
  72  5:01  Drone x2, Spire  
  72  5:07  Drone  
  74  5:08  Glial Reconstitution  
  74  5:14  Zergling x4  
  74  5:15  Zergling x2  
  74  5:16  Roach x3  
  74  5:18  Overlord  
  83  5:22  Overlord  
  83  5:23  Overlord  
  80  5:37  Drone x8  
  80  5:39  Extractor  
  80  5:40  Extractor  
  86  5:45  Roach x4  
  86  5:48  Overlord  
  94  5:52  Overlord  
  94  5:59  Overlord  
  94  6:01  Roach x4  
  100  6:10  Roach x4  
  107  6:12  Ravager x4  
  117  6:18  Roach x3  
  117  6:21  Ravager x2  
  119  6:30  Zergling x12  
  124  6:33  Spore Crawler  
  124  6:37  Roach x3  
  124  6:38  Overlord  
  128  6:41  Overlord  
  128  6:42  Overlord  
  128  6:43  Overlord  
  128  6:44  Drone  
  129  6:47  Overlord  
  129  6:51  Overlord  
  129  6:52  Overlord  
  129  6:53  Corruptor  
  129  6:57  Overlord  
  129  7:06  Ravager x7  
  136  7:14  Roach  
  136  7:15  Roach x7  
  152  7:16  Overlord  
  135  7:33  Roach x8  
  137  7:38  Roach x4  
  145  7:46  Roach  
  145  7:47  Roach  
  148  8:05  Corruptor x4  
  148  8:06  Zergling x14  
  163  8:14  Corruptor  
  163  8:15  Zergling x4  
  163  8:21  Roach x2  
  167  8:30  Roach x3  
  167  8:32  Ravager  
  156  8:49  Roach x7  
  151  8:57  Roach x3  
  114  9:10  Roach x5  
  114  9:15  Roach x3  
  126  9:18  Ravager x4  
  126  9:21  Queen x2  
  129  9:25  Roach x3  
  135  9:32  Roach Warren  
  119  9:40  Roach x5  
  111  9:48  Roach  
  111  9:49  Roach x2  
  111  9:51  Ravager  
  112  9:58  Roach x2  
  106  10:01  Roach x3  
  105  10:12  Roach x2  
  107  10:16  Roach  
  107  10:17  Roach  
Tags
 
Add a new tag
Caveats
  • Supply blocks, unpowered buildings, or Contaminate may cause inaccurate times.
  • Supply counts are checked every 10 seconds.